 Dungeon Crawl Stone Soup version 0.30-a0-691-g754fce4c43 (webtiles) character file.

Game seed: 2468161130384374627

7700 Citaku the Protected (level 11, -5/97 HPs)
             Began as a Minotaur Fighter on Jan 19, 2023.
             Was an Initiate of Gozag.
             Slain by a large abomination (49 damage)
             ... on level 1 of the Abyss.
             The game lasted 00:13:56 (9490 turns).

Citaku the Protected (Minotaur Fighter)             Turns: 9490, Time: 00:13:57

Health: -5/97      AC: 15    Str: 25    XL:     11   Next: 0%
Magic:  10/10      EV: 14    Int:  5    God:    Gozag
Gold:   1790       SH:  6    Dex: 10    Spells: 10/10 levels left

rFire   . . .      SeeInvis .    I - +6 hand axe (chaos)
rCold   + . .      Faith    .    c - +0 buckler
rNeg    . . .      Spirit   .    b - +0 scale mail
rPois   .          Reflect  .    (helmet restricted)
rElec   .          Harm     .    (no cloak)
rCorr   .          Rampage  .    (no gloves)
Will    .....                    A - +1 pair of boots Stlth
                                 (no amulet)
HPRegen 0.36/turn                B - +4 ring of protection
MPRegen 0.12/turn                v - +5 ring of evasion

@: no status effects
A: horns 2, retaliatory headbutt, cold resistance 1, screaming 1, MP-powered
wands
a: Renounce Religion, Potion Petition, Call Merchant, Bribe Branch


You were on level 1 of the Abyss.
You worshipped Gozag.
Gozag was most pleased with you.
You visited 2 branches of the dungeon, and saw 11 of its levels.
You visited the Abyss 1 time.

You collected 1849 gold pieces.
You paid 59 gold pieces to Gozag.

Inventory:

Hand Weapons
 I - a +6 hand axe of chaos (weapon)
Missiles
 h - a throwing net (quivered)
Armour
 b - a +0 scale mail (worn)
 c - a +0 buckler (worn)
 A - a +1 pair of boots (worn)
Jewellery
 v - a +5 ring of evasion (right hand)
 B - a +4 ring of protection (left hand)
Wands
 d - a wand of polymorph (12)
 p - a wand of roots (10)
 x - a wand of acid (13)
 y - a wand of flame (25)
Scrolls
 e - a scroll of enchant weapon
 f - a scroll of identify
 m - a scroll of vulnerability
 u - a scroll of teleportation
 w - a scroll of fog
 F - a scroll of blinking
Potions
 g - 4 potions of heal wounds
 i - a potion of degeneration
 l - a potion of haste
 n - 2 potions of lignification
 o - a potion of brilliance
 q - a potion of cancellation
 E - 3 potions of attraction
Miscellaneous
 H - a tin of tremorstones (2/2)


   Skills:
 + Level 9.1 Fighting
 * Level 12.0 Axes
 * Level 12.2 Armour
 + Level 9.1 Shields


You had 10 spell levels left.
You didn't know any spells.
Your spell library contained the following spells:

 Spells                   Type           Power      Damage    Failure   Level
 Magic Dart               Conj           0%         1d3       78%         1
 Necrotise                Necr           0%         1d4       78%         1
 Sting                    Tmut/Pois      0%         1d3       78%         1
 Poisonous Vapours        Pois/Air       0%         N/A       89%         2
 Scorch                   Fire           0%         2d5       89%         2
 Searing Ray              Conj           0%         2d4       89%         2
 Portal Projectile        Hex/Tloc       0%         N/A       98%         3
 Tukima's Dance           Hex            0%         N/A       98%         3
 Vampiric Draining        Necr           0%         2d6       98%         3
 Flame Wave               Conj/Fire      0%         2d4       100%        4
 Fulminant Prism          Conj/Hex       0%         3d5       100%        4
 Leda's Liquefaction      Hex/Erth       0%         N/A       100%        4
 Olgreb's Toxic Radiance  Pois           0%         N/A       100%        4
 Agony                    Necr           0%         N/A       100%        5
 Blade Hands              Tmut           0%         N/A       100%        5
 Lee's Rapid Deconstruct  Erth           0%         3d4*      100%        5
 Statue Form              Tmut/Erth      0%         N/A       100%        6
 Summon Cactus Giant      Summ           0%         N/A       100%        6
 Haunt                    Necr/Summ      0%         N/A       100%        7
 Infestation              Necr           0%         N/A       100%        8
 Animate Dead             Necr           Unusable   N/A       N/A         4

Dungeon Overview and Level Annotations

Branches:
Dungeon (10/15)            Temple (1/1) D:4
   Lair: D:8-11         Orc: D:9-12

Altars:
Ashenzari
Cheibriados
Dithmenos
Elyvilon
Fedhas
Gozag
Hepliaklqana
Kikubaaqudgha
Makhleb
Nemelex Xobeh
Okawaru
Qazlal
Ru
Sif Muna
Trog
Uskayaw
Vehumet
Wu Jian
Xom
Yredelemnul
Zin
The Shining One

Shops:
D:9 (

Annotations:
D:4 3 runed translucent doors, crabbyslav's ghost, amateur DsVM
D:10 Sonja


Innate Abilities, Weirdness & Mutations

You have a pair of horns on your head.
You reflexively headbutt those who attack you in melee.
Your flesh is cold resistant. (rC+)
You occasionally shout uncontrollably at your foes.
You expend magic power (3 MP) to strengthen your wands.


Message History

The efreet is almost dead.
An ufetubus comes into view.
The efreet hits you with a +2 scimitar of flaming.
The efreet burns you.
The ufetubus shouts!
You hit the efreet.
You kill the efreet!
Your Axes skill increases to level 12!
You have reached level 11!
Things that are here:
12 gold pieces; a +2 scimitar of flaming You see here 22 gold pieces.
An ufetubus is nearby!
You now have 1771 gold pieces (gained 22).
There are no items here.
There are no items here.
The ufetubus misses you. The ufetubus closely misses you.
The ufetubus completely misses you. You furiously retaliate!
You headbutt the ufetubus, but do no damage.
The ufetubus hits you but does no damage.
The ufetubus hits you but does no damage.
The ufetubus completely misses you.
You are too injured to fight recklessly!
You are too injured to fight recklessly!
You are too injured to fight recklessly!
You are too injured to fight recklessly!
You hit the ufetubus.
The ufetubus convulses.
You kill the ufetubus!
You now have 1790 gold pieces (gained 19).
You see here a +2 scimitar of flaming.
A large abomination comes into view.
A large abomination is nearby!
You are too injured to fight recklessly!
You are too injured to fight recklessly!
You hit the large abomination but do no damage.
The large abomination seems to grow stronger.
The large abomination hits you!!!
Ouch! That really hurt!
You die...
Your body crumbles into a pile of gold.

..# . ## . #
..##.. .. ##.. .
.# ## ### ..# ...
_ ###.
#>##..####.#
#.....##..$$.. ..#
.
#.....#.)#.......
#
#......@.##.......
.
.##.##..X#......#
.. ....#.........
#...#..#..... .. .
.........#.... ..
...#.##..#.#.#.##
. . #..#..
.#...... .# .# ##
. . .. . . . ..


You could see a large abomination (strong).

Vanquished Creatures
  A two-headed ogre (D:8)
  A dire elephant skeleton (Abyss:1)
  Maggie (D:10)
  2 efreet
  A kobold demonologist (D:9)
  A hornet (D:10)
  Sigmund (D:3)
  A ynoxinul (Abyss:1)
  Eustachio (D:6)
  A shadow (D:9)
  6 yaks (D:9)
  Menkaure (D:7)
  A large abomination (Abyss:1)
  Duvessa (D:7)
  An orc warrior (D:10)
  3 ice beasts
  A black bear (D:4)
  An ogre (D:3)
  A centaur (D:7)
  2 kobold brigands
  2 phantoms (D:5)
  3 bullfrogs
  A gnoll sergeant (D:6)
  3 scorpions
  Dowan (D:7)
  7 wights
  18 killer bees
  A howler monkey (D:7)
  A quasit (Abyss:1)
  2 gnoll boudas
  3 orc priests
  Jessica (D:3)
  4 iguanas
  10 orc wizards
  Terence (D:3)
  Natasha (thrice) (D:3)
  Robin (D:3)
  5 adders
  18 gnolls
  3 shadow imps
  4 ufetubi
  3 worms
  3 dart slugs
  31 orcs
  5 ball pythons
  4 bats
  8 endoplasms
  3 giant cockroaches
  9 hobgoblins
  5 jackals
  17 kobolds
  A quokka (D:2)
  3 frilled lizards (D:1)
  11 goblins
  4 rats
228 creatures vanquished.

Vanquished Creatures (others)
  A ynoxinul (Abyss:1)
  4 plants (D:8)
  6 withered plants (D:3)
11 creatures vanquished.

Grand Total: 239 creatures vanquished

Notes
Turn   | Place    | Note
-------+----------+-------------------------------------------
     0 | D:1      | Citaku the Minotaur Fighter began the quest for the Orb.
     0 | D:1      | Reached XP level 1. HP: 19/19 MP: 0/0
   141 | D:1      | Reached XP level 2. HP: 27/27 MP: 1/1
   983 | D:2      | Reached XP level 3. HP: 33/33 MP: 2/2
  1047 | D:2      | Reached XP level 4. HP: 35/40 MP: 3/3
  1127 | D:2      | Found a snail-covered altar of Cheibriados.
  1147 | D:2      | Identified the +10 rapier "Ogrebane" {distort, rN+ Dex+4}
  1709 | D:3      | Noticed Robin
  1709 | D:3      | Noticed Jessica
  1721 | D:3      | Killed Robin
  1723 | D:3      | Killed Jessica
  1724 | D:3      | Reached XP level 5. HP: 36/47 MP: 4/4
  1778 | D:3      | Reached skill level 5 in Armour
  1836 | D:3      | Noticed an ogre
  1962 | D:3      | Killed an ogre
  1963 | D:3      | Reached XP level 6. HP: 30/53 MP: 5/5
  2188 | D:3      | Found a faded altar of an unknown god.
  2253 | D:3      | Noticed Natasha
  2258 | D:3      | Killed Natasha
  2259 | D:3      | Reached skill level 5 in Axes
  2279 | D:3      | Noticed Natasha
  2284 | D:3      | Killed Natasha
  2347 | D:3      | Noticed Sigmund
  2347 | D:3      | Noticed Natasha
  2355 | D:3      | Killed Sigmund
  2356 | D:3      | Reached skill level 5 in Fighting
  2356 | D:3      | Killed Natasha
  2357 | D:3      | Reached skill level 5 in Shields
  2357 | D:3      | Reached XP level 7. HP: 49/61 MP: 6/6
  2513 | D:3      | Noticed Terence
  2525 | D:3      | Killed Terence
  2616 | D:4      | Found a staircase to the Ecumenical Temple.
  2619 | D:4      | Identified the +0 leather armour "Naunod" {Harm *Slow rElec
                  | rCorr}
  2626 | Temple   | Entered the Ecumenical Temple
  2787 | Temple   | Became a worshipper of Gozag Ym Sagoz the Greedy
  3343 | D:4      | Found a runed translucent gate.
  3355 | D:4      | Found a runed translucent gate.
  3355 | D:4      | Found a runed translucent gate.
  3357 | D:4      | Noticed crabbyslav's ghost (amateur DsVM)
  3713 | D:5      | Entered Level 5 of the Dungeon
  3713 | D:5      | Found a basalt altar of Yredelemnul.
  4129 | D:5      | Reached XP level 8. HP: 53/70 MP: 7/7
  4272 | D:5      | Found a shimmering altar of Xom.
  4483 | D:6      | Found a hide-covered altar of Uskayaw.
  4494 | D:6      | Noticed Eustachio
  4512 | D:6      | Killed Eustachio
  5307 | D:7      | Noticed Dowan
  5309 | D:7      | Noticed Duvessa
  5317 | D:7      | Killed Duvessa
  5318 | D:7      | Reached XP level 9. HP: 66/78 MP: 8/8
  5341 | D:7      | Killed Dowan
  5536 | D:7      | Noticed Menkaure
  5542 | D:7      | Killed Menkaure
  6454 | D:8      | Found a sacrificial altar of Ru.
  6677 | D:8      | Noticed a two-headed ogre
  6687 | D:8      | Killed a two-headed ogre
  6688 | D:8      | Reached skill level 10 in Armour
  6843 | D:8      | Reached skill level 10 in Axes
  7009 | D:8      | Noticed an efreet
  7026 | D:8      | Killed an efreet
  7027 | D:8      | Reached XP level 10. HP: 40/88 MP: 9/9
  7852 | D:9      | Found Ugeny's Weapon Shoppe.
  8567 | D:9      | Found a white marble altar of Elyvilon.
  8567 | D:9      | Found a hazy altar of Hepliaklqana.
  8569 | D:9      | Found a glowing silver altar of Zin.
  8569 | D:9      | Found a radiant altar of Vehumet.
  8879 | D:9      | Noticed a soul eater
  8989 | D:9      | Gained mutation: You occasionally shout uncontrollably at
                  | your foes. [potion of mutation]
  8989 | D:9      | Gained mutation: You expend magic power (3 MP) to
                  | strengthen your wands. [potion of mutation]
  8989 | D:9      | Gained mutation: Your flesh is cold resistant. (rC+)
                  | [potion of mutation]
  9145 | D:9      | Identified a scroll of acquirement
  9145 | D:9      | Acquired 366 gold pieces
  9209 | D:10     | Entered Level 10 of the Dungeon
  9211 | D:10     | Noticed Maggie
  9225 | D:10     | Killed Maggie
  9344 | D:10     | Noticed Sonja
  9366 | Abyss:1  | Found a corrupted altar of Lugonu.
  9366 | Abyss:1  | Cast into level 1 of the Abyss (Sonja)
  9475 | Abyss:1  | Reached XP level 11. HP: 38/97 MP: 10/10
  9490 | Abyss:1  | Slain by a large abomination

Illustrated notes

Levels and vault maps discovered:
D:1:      arrival_zaba_pyramid, layout_basic, minmay_misc_feat_five
D:2:      layout_loops_ring, basic_altar
D:3:      layout_rooms, ebering_ecumenical_altar_petrified, uniq_natasha,
          uniq_terence, uniq_sigmund, uniq_robin, uniq_jessica
D:4:      layout_rooms, temple_statues, gammafunk_ghost_nasty_kobolds
D:5:      layout_rooms, mainiacjoe_overflow_alcove_1,
          mainiacjoe_overflow_alcove_2, chequers_serial_rivers_micro_c
D:6:      layout_rooms, nicolae_uskayaw_murder_on_the_dancefloor, uniq_eustachio
D:7:      layout_gridville, uniq_menkaure, uniq_duvessa
D:8:      cheibrodos_two_vegetables, layout_loops_corners,
          nicolae_ru_path_of_blood
D:9:      layout_layer_cave, mainiacjoe_overflow_alcove_3, serial_shops,
          nicolae_shop_waterfront, grunt_decor_arrowhead
D:10:     layout_loops_ring, enter_bailey_5, uniq_urug, uniq_maggie, uniq_sonja
Temple:   minmay_temple_curvy_branch
Abyss:1:  base:
D:7

Skill      XL: |  1  2  3  4  5  6  7  8  9 10 |
---------------+-------------------------------+-----
Armour         | 4 5 6 7 9 10 12 | 12.2
Axes           | 3 4 5 6 8 10 12 | 12.0
Fighting       | 4 5 6 7 9 |  9.1
Shields        | 4 5 6 7 9 |  9.1

Action                   |  1- 3 |  4- 6 |  7- 9 | 10-12 || total
-------------------------+-------+-------+-------+-------++-------
Melee: War axe           |    70 |    87 |   306 |    37 ||   500
       Headbutt          |     8 |    14 |    45 |    39 ||   106
       Hand axe          |       |       |       |   127 ||   127
  Use: Potion            |       |     1 |     3 |     5 ||     9
       Scroll            |       |       |       |    16 ||    16
 Stab: Distracted        |       |       |     1 |       ||     1
Armor: Scale mail        |    25 |    53 |   106 |    63 ||   247
Dodge: Dodged            |    28 |    34 |   235 |    98 ||   395
Block: Buckler           |    18 |    22 |    94 |    49 ||   183

Table legend: (Time is in decaauts)
 A = Elapsed time spent in this place.
 B = Non-inter-level travel time spent in this place.
 C = Inter-level travel time spent in this place.
 D = Time resting spent in this place.
 E = Time spent auto-exploring this place.
 F = Levels seen in this place.
 G = Mean time per level.
                   A        B        C        D        E       F      G
               +--------+--------+--------+--------+--------+-----+--------+
         Total |   9595 |   9309 |    286 |    541 |   7208 |  12 |  799.6 |
       Dungeon |   9218 |   8932 |    286 |    541 |   6927 |  10 |  921.8 |
        Temple |    265 |    265 |      0 |      0 |    249 |   1 |  265.0 |
         Abyss |    111 |    111 |      0 |      0 |     32 |   1 |  111.0 |
               +--------+--------+--------+--------+--------+-----+--------+

Top non-repeatable levels by time:
     D:8: 1608 daAuts
     D:9: 1515 daAuts
     D:7: 1179 daAuts
     D:1: 940 daAuts
     D:2: 898 daAuts
     D:4: 850 daAuts
     D:3: 833 daAuts
     D:5: 750 daAuts
     D:6: 495 daAuts
  Temple: 265 daAuts
    D:10: 145 daAuts
 Abyss:1: 111 daAuts
